 Dungeon Crawl Stone Soup version 0.27-a0-1191-g601b473118 (webtiles) character file.

Game seed: 459818145657523959

79 Wyvernaa the Covered (level 4, -9/29 HPs)
             Began as a Gargoyle Fighter on May 24, 2021.
             Killed by divine providence
             ... invoked by an orc priest
              (15 damage)
             ... on level 2 of the Dungeon.
             The game lasted 00:02:46 (1853 turns).

Wyvernaa the Covered (Gargoyle Fighter)             Turns: 1853, Time: 00:02:46

Health: -9/29      AC: 10    Str: 20    XL:     4   Next: 37%
Magic:  4/4        EV:  7    Int:  9    God:
Gold:   51         SH:  9    Dex:  9    Spells: 3/3 levels left

rFire    . . .     SeeInvis .   a - +0 flail
rCold    . . .     Faith    .   c - +0 kite shield
rNeg     + . .     Spirit   .   b - +0 scale mail
rPois    ∞         Reflect  .   (no helmet)
rElec    +         Harm     .   (no cloak)
rCorr    .         Rampage  .   (no gloves)
Will     .....                  (no boots)
Stlth    ..........             (no amulet)
HPRegen  0.09/turn              (no ring)
MPRegen  0.09/turn              (no ring)

@: no status effects
A: sickness immunity, AC +3, negative energy resistance 1, electricity
resistance, torment resistance 1, petrification resistance
a: no special abilities


You were on level 2 of the Dungeon.
You visited 1 branch of the dungeon, and saw 2 of its levels.

You collected 51 gold pieces.

Inventory:

Hand Weapons
 a - a +0 flail (weapon)
Armour
 b - a +0 scale mail (worn)
 c - a +0 kite shield (worn)
Jewellery
 d - a ring of protection from cold
Scrolls
 e - 2 scrolls of torment {unknown}
 f - a scroll of acquirement {unknown}
Potions
 g - 2 potions of brilliance {unknown}


   Skills:
 + Level 3.9 Fighting
 + Level 2.7 Maces & Flails
 + Level 4.0 Armour
 + Level 0.4 Dodging
 + Level 3.8 Shields


You had 3 spell levels left.
You didn't know any spells.
Your spell library was empty.

Dungeon Overview and Level Annotations

Branches:
Dungeon (2/15)

Altars:


Innate Abilities, Weirdness & Mutations

You are immune to sickness and miasma.
Your stone body is resilient. (AC +3)
You are immune to poison.
You resist negative energy. (rN+)
You are resistant to electric shocks. (rElec)
You are resistant to unholy torment.
You are immune to petrification.


Message History

Found a viscous grey potion.
You thump the orc!
You kill the orc!
No target in view!
No target in view!
No target in view!
An orc comes into view. It is wielding a +0 club.
The orc shouts!
You hear a shout! x2
An orc comes into view. It is wielding a +0 short sword.
The orc hits you with a +0 club.
Things that are here:
a +0 whip; an orc corpse
There are monsters nearby!
There are monsters nearby!
There are monsters nearby!
You hit the orc.
The orc is lightly wounded.
The orc hits you with a +0 club.
You closely miss the orc.
The orc is lightly wounded.
You block the orc's attack.
You hit the orc but do no damage.
The orc is lightly wounded.
The orc hits you but does no damage. x3; You block the orc's attack.
An orc priest comes into view. It is wielding a +0 hand axe.
You barely miss the orc.
The orc is lightly wounded.
You block the orc's attack. The orc hits you with a +0 short sword.
You sock the orc!
You kill the orc!
The orc hits you with a +0 short sword.
The orc priest invokes the aid of Beogh against you.
Beogh smites you!
Ouch! That really hurt!
* * * LOW HITPOINT WARNING * * *
The orc hits you but does no damage.
The orc priest mumbles some strange prayers to Beogh against you.
Beogh smites you!
Ouch! That really hurt!
You die...

####### #.# ....... #.# .#####
#.# .....# #<# .....# #.# ###
######### .....# #.#.#..
#.†...... .....#
#)#!#.######.#.####### .#...#
#.#.)o.....o.#.# #....
.###########.###@# ######.###.###
...............#.# #....#.....#..
.###########.#.#.###.##.#######.#
.# #.#.......##.# #...... .#
#.#.#.######.# #.###.# .#
#.#.#........###.# #.# .#
#.#.#............# #.# .#
###.#.#...........## #.# .#
#.......≈.......#.# #.#


You could see an orc priest and an orc.

Vanquished Creatures
  Jessica (D:2)
  An adder (D:2)
  A worm (D:2)
  2 orcs (D:2)
  5 endoplasms
  2 giant cockroaches (D:1)
  4 goblins
  5 hobgoblins
  4 jackals (D:2)
  3 kobolds
  A quokka (D:2)
  2 ball pythons
  A bat (D:2)
  A frilled lizard (D:2)
  5 rats
38 creatures vanquished.

Vanquished Creatures (others)
  A bat (D:2)
1 creature vanquished.

Grand Total: 39 creatures vanquished

Notes
Turn   | Place    | Note
-------+----------+-------------------------------------------
     0 | D:1      | Wyvernaa the Gargoyle Fighter began the quest for the Orb.
     0 | D:1      | Reached XP level 1. HP: 14/14 MP: 1/1
   403 | D:1      | Reached XP level 2. HP: 19/19 MP: 2/2
   896 | D:2      | Noticed Jessica
  1238 | D:2      | Reached XP level 3. HP: 24/24 MP: 3/3
  1261 | D:2      | Killed Jessica
  1325 | D:2      | Reached skill level 4 in Armour
  1325 | D:2      | Reached XP level 4. HP: 23/29 MP: 4/4
  1853 | D:2      | Killed from afar by an orc priest

Illustrated notes

Levels and vault maps discovered:
D:1:      roderic_chinese_lattice_arrival, layout_loops_ring
D:2:      layout_basic, lemuel_old_faithful, uniq_jessica

Skill      XL: |  1  2  3 |
---------------+----------+-----
Armour         | 4 |  4.0
Fighting       | |  3.9
Maces & Flails | |  2.7
Dodging        | |  0.4
Shields        | |  3.8

Action                   |  1- 3 |  4- 6 || total
-------------------------+-------+-------++-------
Melee: Flail             |    95 |    71 ||   166
  Use: Scroll            |     3 |       ||     3
       Potion            |     1 |       ||     1
Armor: Scale mail        |    49 |    38 ||    87
Dodge: Dodged            |    24 |    19 ||    43
Block: Kite shield       |    48 |    47 ||    95

Table legend: (Time is in decaauts)
 A = Elapsed time spent in this place.
 B = Non-inter-level travel time spent in this place.
 C = Inter-level travel time spent in this place.
 D = Time resting spent in this place.
 E = Time spent auto-exploring this place.
 F = Levels seen in this place.
 G = Mean time per level.
                   A        B        C        D        E       F      G
               +--------+--------+--------+--------+--------+-----+--------+
         Total |   1937 |   1914 |     23 |    537 |    930 |   2 |  968.5 |
       Dungeon |   1937 |   1914 |     23 |    537 |    930 |   2 |  968.5 |
               +--------+--------+--------+--------+--------+-----+--------+

Top non-repeatable levels by time:
     D:1: 1134 daAuts
     D:2: 803 daAuts
